 Dungeon Crawl Stone Soup version 0.19-a0-1849-g2383789 (webtiles) character file.

98 sleepydude the Skirmisher (level 4, 37/37 HPs)
             Began as a Demonspawn Berserker on Oct 10, 2016.
             Was a Believer of Trog.
             Got out of the dungeon alive.
             The game lasted 00:04:20 (2515 turns).

sleepydude the Skirmisher (Demonspawn Berserker)    Turns: 2515, Time: 00:04:21

Health: 37/37      AC: 14    Str: 18    XL:     4   Next: 43%
Magic:  4/4        EV:  5    Int:  8    God:    Trog [**....]
Gold:   146        SH:  3    Dex: 13    Spells: 0 memorised, 3 levels left

rFire  + . .     SeeInvis .     n - +0 flail
rCold  x . .     Gourm    .     l - +0 plate armour
rNeg   . . .     Faith    .     q - +0 buckler
rPois  .         Spirit   .     (no helmet)
rElec  .         Dismiss  .     (no cloak)
rCorr  .         Reflect  .     r - +0 pair of gloves
MR     .....     Harm     .     (no boots)
Stlth  ..........               (no amulet)
                                (no ring)
                                f - ring of fire

@: starving
A: talons 1, iridescent scales 1
a: Berserk, Trog's Hand, Burn Spellbooks, Renounce Religion


You escaped.
You worshipped Trog.
Trog was pleased with you.
You were starving.

You visited 1 branch of the dungeon, and saw 3 of its levels.

You collected 146 gold pieces.

Inventory:

Hand Weapons
 a - a +0 mace
 n - a +0 flail (weapon)
Armour
 l - a +0 plate armour (worn)
 q - a +0 buckler (worn)
 r - a +0 pair of gloves (worn)
Jewellery
 f - a ring of fire (left hand)
Scrolls
 g - a scroll of enchant armour {unknown}
 h - a scroll of identify {unknown}
 j - 4 scrolls of noise {unknown}
 k - a scroll of fog {unknown}
Potions
 d - 3 potions of berserk rage {unknown}
 e - a potion of degeneration {unknown}
 m - a potion of flight {unknown}
 p - a potion of mutation {unknown}
Comestibles
 b - 2 meat rations
 c - 2 bread rations
 i - a slice of pizza


   Skills:
 + Level 3.7 Fighting
 + Level 3.7 Maces & Flails
 + Level 2.2 Armour
 + Level 2.1 Dodging
 + Level 0.5 Shields


You had 3 spell levels left.
You didn't know any spells.

Dungeon Overview and Level Annotations

Branches:
Dungeon (3/15)

Altars:


Innate Abilities, Weirdness & Mutations

You have sharp toenails.
You are partially covered in iridescent scales. (AC +2)


Message History

No target in view!
No target in view!
No target in view!
No target in view!
No target in view!
No target in view!
No target in view!
No target in view!
You are starving!
(D) Dungeon
Where to? (Enter - D:1 @ (x,y), ? - help)
There is an open door here.
There is an open door here.
You open the door.
There is an open door here.
There is a staircase leading out of the dungeon here.
Are you sure you want to leave the Dungeon?
This will make you lose the game!
Uppercase [Y]es or [N]o only, please.
Are you sure you want to leave the Dungeon?
This will make you lose the game!
You have escaped!

## ##...#.............# ##......
.####...##.###########.###.......
.'.......#..#.......#..#.'.......
.####...##.#.#######.#.###.......
## ##.###.##.......##.# ##......
# #.# #.#.###'###.#.# ##..... #.#
#.#.#.....#.#.# ##...#
#.###.#.#.....#.#.#######'##
#.'.'.#.+..@..+.#.'.'.# #.#
#.###.#.#.....#.#.###.###.#
######.# #.#.#.....#.#.#.......##
.......# #.#.###'###.#.#...##...#
...##### #.##.......##.###.#.....
.#.# #.#.#######.#.# #.##....
.#.# #..#.......#..# #.......
.#.# #.###########.######..#.
##.# #.............#.......#.


There were no monsters in sight!

Vanquished Creatures
  4 adders
  An ooze (D:1)
  A worm (D:2)
  2 dart slugs (D:1)
  2 leopard geckos
  A ball python (D:2)
  7 bats
  A giant cockroach (D:1)
  4 goblins
  3 hobgoblins
  4 jackals (D:2)
  2 quokkas (D:2)
  2 frilled lizards
  9 kobolds
  7 rats
50 creatures vanquished.

Notes
Turn   | Place    | Note
-------+----------+-------------------------------------------
     0 | D:1      | sleepydude the Demonspawn Berserker began the quest for the Orb.
     0 | D:1      | Reached XP level 1. HP: 18/18 MP: 1/1
   361 | D:1      | Gained mutation: You are partially covered in iridescent scales. (AC +2) [demonic ancestry]
   361 | D:1      | Reached XP level 2. HP: 23/24 MP: 2/2
   909 | D:2      | Reached XP level 3. HP: 18/29 MP: 3/3
  1425 | D:2      | Reached ** piety under Trog
  2145 | D:3      | Gained mutation: You have sharp toenails. [demonic ancestry]
  2145 | D:3      | Reached XP level 4. HP: 26/36 MP: 4/4
  2515 | D:$      | Got out of the dungeon alive.

Vault maps used:
D:1:      matt_arrival_los_fun, hangedman_decor_points, roderic_malta_cross,
          serial_bayou_crossing
D:3:      kennysheep_generic_room_14

Skill      XL: |  1  2  3 |
---------------+----------+-----
Armour         | 2 |  2.2
Maces & Flails | 3 |  3.7
Dodging        | 2 |  2.1
Fighting       | |  3.7
Shields        | |  0.5

Action                   |  1- 3 |  4- 6 || total
-------------------------+-------+-------++-------
Melee: Mace              |    87 |       ||    87
       Flail             |    27 |    21 ||    48
       Kick              |       |     6 ||     6
Invok: Berserk           |     1 |       ||     1
  Use: Scroll            |     1 |       ||     1
  Eat: Chunk             |     4 |       ||     4
Armor: Animal skin       |    19 |       ||    19
       Plate armour      |    34 |     8 ||    42
Dodge: Dodged            |    65 |     2 ||    67
Block: Buckler           |     8 |     6 ||    14
